 Dungeon Crawl Stone Soup version 0.27-a0-1612-gde56a17b89 (webtiles) character file.

Game seed: 1802201231211687060

57 Anon1729 the Ducker (level 4, -2/37 HPs)
             Began as a Merfolk Monk on July 21, 2021.
             Was a Believer of Yredelemnul.
             Slain by Natasha (6 damage)
             ... on level 2 of the Dungeon.
             The game lasted 00:02:14 (1440 turns).

Anon1729 the Ducker (Merfolk Monk)                  Turns: 1440, Time: 00:02:15

Health: -2/37      AC:  2    Str: 11    XL:     4   Next: 0%
Magic:  4/4        EV: 14    Int:  9    God:    Yredelemnul [**....]
Gold:   18         SH:  0    Dex: 17    Spells: 3/3 levels left

rFire    . . .     SeeInvis .   a - +0 falchion
rCold    + . .     Faith    .   (no shield)
rNeg     . . .     Spirit   .   b - +0 robe
rPois    +         Reflect  .   (no helmet)
rElec    .         Harm     .   (no cloak)
rCorr    .         Rampage  .   (no gloves)
Will     .....                  (no boots)
Stlth    ++........             (no amulet)
HPRegen  0.12/turn              c - ring of poison resistance
MPRegen  0.09/turn              e - ring of protection from cold

@: no status effects
A: (nimble swimmer 2), mertail
a: Renounce Religion, Animate Remains, Recall Undead Slaves, Injury Mirror


You were on level 2 of the Dungeon.
You worshipped Yredelemnul.
Yredelemnul was pleased with you.
You visited 1 branch of the dungeon, and saw 2 of its levels.

You collected 18 gold pieces.

Inventory:

Hand Weapons
 a - a +0 falchion (weapon)
Armour
 b - a +0 robe (worn)
Jewellery
 c - a ring of poison resistance (left hand)
 e - a ring of protection from cold (right hand)
Scrolls
 d - a scroll of fear {unknown}
 g - 2 scrolls of identify {unknown}
 h - a scroll of magic mapping {unknown}
 i - a scroll of amnesia {unknown}
Potions
 f - a potion of haste {unknown}
 j - a potion of ambrosia {unknown}


   Skills:
 + Level 3.8 Fighting
 + Level 3.8 Long Blades
 + Level 4.7 Dodging
 + Level 3.1 Stealth


You had 3 spell levels left.
You didn't know any spells.
Your spell library contained the following spells:

 Spells                   Type           Power      Damage    Failure   Level
 Foxfire                  Conj/Fire      0%         2x1d4     38%         1
 Sandblast                Erth           0%         2d4       38%         1
 Passwall                 Tmut/Erth      0%         N/A       52%         2
 Conjure Flame            Conj/Fire      0%         6-21      77%         3
 Inner Flame              Hex/Fire       0%         N/A       77%         3
 Lee's Rapid Deconstruct  Erth           0%         3d5*      100%        5


Dungeon Overview and Level Annotations

Branches:
Dungeon (2/15)

Altars:
Yredelemnul

Annotations:
D:2 Natasha


Innate Abilities, Weirdness & Mutations

((You are quick and stealthy near water. (Stealth+, EV+, Speed+++)))
Your lower body shifts to a powerful aquatic tail in water.


Message History

You hit Natasha.
Natasha is moderately wounded.
Natasha closely misses you.
You closely miss Natasha.
Natasha is moderately wounded.
Natasha misses you.
You hit Natasha but do no damage.
Natasha is moderately wounded.
Natasha mewls in sadness.
Natasha misses you.
You closely miss Natasha.
Natasha is moderately wounded.
Natasha casts a spell at you. The magic dart hits you!
The crimson imp blinks!
You are too injured to fight recklessly!
You are too injured to fight recklessly!
You are too injured to fight recklessly!
You are too injured to fight recklessly!
You are too injured to fight recklessly!
You are too injured to fight recklessly!
You are too injured to fight recklessly!
You hit Natasha.
Natasha is moderately wounded.
Natasha claws you but does no damage.
You completely miss Natasha.
Natasha is moderately wounded.
Natasha closely misses you.
You hit Natasha.
Natasha is heavily wounded.
Natasha claws you.
You hit Natasha.
Natasha is severely wounded.
Natasha casts a spell at you. The magic dart hits you!
* * * LOW HITPOINT WARNING * * *
You closely miss Natasha.
Natasha is severely wounded.
Natasha claws you.
You die...
Your body rises from the dead as a mindless zombie.

#.# ...#.....# #.#
.........# #.#
###........# #.#
...........
##.#####.########
#.........(....######
##.....†.###.#.......
###.###....##########
#...@h5....+ ....
#######....# ####
#....# #....#
#....########
#...........#
#...........##
##............
#.##.......##


You could see Natasha and a crimson imp (summoned).

Vanquished Creatures
  Jessica (D:2)
  An adder (D:2)
  3 ball pythons (D:2)
  3 bats (D:1)
  3 endoplasms
  A goblin (D:2)
  4 kobolds (D:1)
  4 quokkas (D:1)
  A frilled lizard (D:1)
21 creatures vanquished.

Vanquished Creatures (others)
  4 toadstools (D:1)
4 creatures vanquished.

Grand Total: 25 creatures vanquished

Notes
Turn   | Place    | Note
-------+----------+-------------------------------------------
     0 | D:1      | Anon1729 the Merfolk Monk began the quest for the Orb.
     0 | D:1      | Reached XP level 1. HP: 18/18 MP: 1/1
   282 | D:1      | Reached XP level 2. HP: 24/24 MP: 2/2
   490 | D:1      | Found a faded altar of an unknown god.
   499 | D:1      | Became a worshipper of Yredelemnul the Dark
   499 | D:1      | Reached * piety under Yredelemnul
   499 | D:1      | Reached ** piety under Yredelemnul
   789 | D:2      | Reached XP level 3. HP: 11/30 MP: 3/3
   999 | D:2      | Noticed Jessica
  1007 | D:2      | Killed Jessica
  1382 | D:2      | Reached XP level 4. HP: 36/37 MP: 4/4
  1409 | D:2      | Noticed Natasha
  1440 | D:2      | Slain by Natasha

Illustrated notes

Levels and vault maps discovered:
D:1:      ldierk_water_garden, layout_basic,
          dreamdust_ecumenical_altar_hidden_monk_grotto
D:2:      layout_basic, uniq_natasha, uniq_jessica

Skill      XL: |  1  2  3 |
---------------+----------+-----
Stealth        | 3 |  3.1
Fighting       | |  3.8
Long Blades    | |  3.8
Dodging        | |  4.7

Action                   |  1- 3 |  4- 6 || total
-------------------------+-------+-------++-------
Melee: Falchion          |    56 |    17 ||    73
 Stab: Sleeping          |     7 |       ||     7
Armor: Robe              |     6 |     2 ||     8
Dodge: Dodged            |    35 |     9 ||    44
       Rpst.: Falchion   |    10 |     1 ||    11

Table legend: (Time is in decaauts)
 A = Elapsed time spent in this place.
 B = Non-inter-level travel time spent in this place.
 C = Inter-level travel time spent in this place.
 D = Time resting spent in this place.
 E = Time spent auto-exploring this place.
 F = Levels seen in this place.
 G = Mean time per level.
                   A        B        C        D        E       F      G
               +--------+--------+--------+--------+--------+-----+--------+
         Total |   1443 |   1399 |     44 |    434 |    770 |   2 |  721.5 |
       Dungeon |   1443 |   1399 |     44 |    434 |    770 |   2 |  721.5 |
               +--------+--------+--------+--------+--------+-----+--------+

Top non-repeatable levels by time:
     D:2: 788 daAuts
     D:1: 655 daAuts
